 Dungeon Crawl Stone Soup version 0.18.1-5-g4a78601 (webtiles) character file.

513 CrazyArbalest the Bolt Thrower (level 7, -1/56 HPs)
             Began as a Minotaur Hunter on May 11, 2016.
             Slain by a worker ant (3 damage)
             ... on level 5 of the Dungeon.
             The game lasted 00:13:37 (3216 turns).

CrazyArbalest the Bolt Thrower (Minotaur Hunter)    Turns: 3216, Time: 00:13:39

Health: -1/56      AC:  6    Str: 21      XL:     7   Next: 0%
Magic:  6/6        EV: 12    Int:  8      God:
Gold:   187        SH:  0    Dex: 11 (13) Spells: 0 memorised, 6 levels left

rFire  . . .     SeeInvis .     a - +0 morningstar
rCold  . . .     Gourm    .     j - +0 ring mail
rNeg   . . .     Faith    .     (no shield)
rPois  .         Spirit   .     (helmet restricted)
rElec  .         Dismiss  .     v - +0 cloak
rCorr  .         Reflect  .     (no gloves)
SustAt .         Harm     .     (no boots)
MR     .....                    (no amulet)
Stlth  +.........               (no ring)
                                (no ring)

@: mighty, lethally poisoned (-1 -> -14), not resistant to hostile enchantments,
very unstealthy
A: retaliatory headbutt, horns 2
a: no special abilities


You were on level 5 of the Dungeon.
You were hungry.

You visited 1 branch of the dungeon, and saw 5 of its levels.

You collected 187 gold pieces.

Inventory:

Hand Weapons
 a - a +0 morningstar (weapon)
 b - a +1 hand crossbow
 y - a +1 whip of venom
 z - a +0 club
 G - a +0 flail
Missiles
 d - 18 bolts
Armour
 c - a +0 leather armour
 j - a +0 ring mail (worn)
 v - a +0 cloak (worn)
 F - a cursed -2 leather armour
Jewellery
 n - an uncursed amulet of the gourmand {unknown}
 w - an uncursed ring of see invisible {unknown}
 B - a +3 ring of intelligence {unknown}
Wands
 p - a wand of digging (9/24)
 A - a wand of flame (28/48)
 C - a wand of flame (27/48)
Scrolls
 e - 3 scrolls of remove curse {unknown}
 k - 2 scrolls of magic mapping {unknown}
 l - a scroll of random uselessness {unknown}
 m - 3 scrolls of identify {unknown}
 r - a scroll of recharging {unknown}
 D - a scroll of enchant armour {unknown}
Potions
 g - 2 potions of might
 h - a potion of ambrosia {unknown}
 i - 2 potions of curing {unknown}
 o - a potion of cure mutation {unknown}
 s - 2 potions of lignification {unknown}
 u - 2 potions of heal wounds {unknown}
 x - a potion of berserk rage {unknown}
 E - a potion of brilliance {unknown}
Comestibles
 f - 4 bread rations
 q - 2 meat rations


   Skills:
 + Level 2.7 Fighting
 * Level 3.5 Maces & Flails
 * Level 6.8 Crossbows
 + Level 3.1 Armour
 + Level 4.1 Dodging
 + Level 1.2 Stealth


You had 6 spell levels left.
You didn't know any spells.

Dungeon Overview and Level Annotations

Branches:
Dungeon (5/15)
 Temple: D:4-7

Altars:
The Shining One

Annotations:
D:2 Sigmund, Terence


Innate Abilities, Weirdness & Mutations

You reflexively headbutt those who attack you in melee.
You have a pair of horns on your head.


Message History

The worker ant closely misses you. You furiously retaliate!
You headbutt the worker ant. You closely miss the worker ant.
You headbutt the worker ant, but do no damage.
The worker ant is moderately wounded.
You are no longer corroded.
You are feeling hungry.
The worker ant bites you.
* * * LOW HITPOINT WARNING * * *
You are poisoned.
The worker ant poisons you!
Drink which item? (? for menu, Esc to quit)
It was a potion of might.
You feel very mighty all of a sudden.
* * * LOW HITPOINT WARNING * * *
You feel sick. The worker ant bites you.
* * * LOW HITPOINT WARNING * * *
You are more poisoned.
The worker ant poisons you! The worker ant bites you.
You die...

.. ..# .. ..# ##
#.#..# .###...!#
..#....#
#.#....#
#@##..!#
#.#.###a#.(..#
.......5#.#(.#
#.#......<#h(#
.........†#.(#
..........#...
..........#..#.
..........+.....
..........##)#
..


You could see a worker ant and a quasit.

Vanquished Creatures
  Menkaure (D:4)
  A big kobold (D:4)
  A howler monkey (D:5)
  A jelly (D:5)
  A hound (D:4)
  Jessica (D:2)
  7 gnolls
  5 adders
  3 worms
  2 dart slugs
  5 giant geckos
  2 orcs
  2 ball pythons
  10 bats
  2 giant cockroaches (D:1)
  10 goblins
  5 hobgoblins
  5 kobolds
  6 giant newts
  6 rats
76 creatures vanquished.

Notes
Turn   | Place    | Note
--------------------------------------------------------------
     0 | D:1      | CrazyArbalest the Minotaur Hunter began the quest for the Orb.
     0 | D:1      | Reached XP level 1. HP: 18/18 MP: 0/0
   200 | D:1      | Reached XP level 2. HP: 18/25 MP: 1/1
   488 | D:1      | Reached skill level 5 in Crossbows
   526 | D:1      | Reached skill level 1 in Stealth
   846 | D:1      | Reached XP level 3. HP: 30/30 MP: 2/2
  1162 | D:2      | Reached skill level 1 in Maces & Flails
  1189 | D:2      | Reached XP level 4. HP: 24/37 MP: 3/3
  1366 | D:2      | Noticed Jessica
  1368 | D:2      | Noticed Sigmund
  1625 | D:2      | Noticed Terence
  1625 | D:2      | Killed Jessica
  1625 | D:2      | Reached skill level 1 in Armour
  1961 | D:2      | Found a glowing golden altar of the Shining One.
  2188 | D:3      | Reached XP level 5. HP: 37/42 MP: 4/4
  2293 | D:3      | Noticed an orc warrior
  2474 | D:3      | Reached skill level 6 in Crossbows
  2973 | D:4      | Reached XP level 6. HP: 50/50 MP: 5/5
  3067 | D:4      | Noticed Menkaure
  3081 | D:4      | Killed Menkaure
  3179 | D:5      | Entered Level 5 of the Dungeon
  3207 | D:5      | Reached XP level 7. HP: 25/56 MP: 6/6
  3216 | D:5      | HP: 2/56 [worker ant (3)]
  3216 | D:5      | Slain by a worker ant

Skill      XL: |  1  2  3  4  5  6 |
---------------+-------------------+-----
Crossbows      | 5 6 |  6.8
Stealth        | 1 |  1.2
Maces & Flails | 1 2 3 |  3.5
Armour         | 1 2 3 |  3.1
Dodging        | 3 4 |  4.1
Fighting       | |  2.7

Action                   |  1- 3 |  4- 6 |  7- 9 || total
-------------------------+-------+-------+-------++-------
Melee: Short sword       |    17 |       |       ||    17
       Headbutt          |    11 |    16 |     1 ||    28
       Club              |    68 |    61 |       ||   129
       Flail             |       |    35 |       ||    35
       Morningstar       |       |    15 |     4 ||    19
 Fire: Hand crossbow     |     8 |    25 |       ||    33
  Use: Potion            |       |       |     1 ||     1
  Eat: Chunk             |     1 |     6 |       ||     7
Armor: Ring mail         |    30 |    43 |    11 ||    84
       Leather armour    |     3 |       |       ||     3
Dodge: Dodged            |    65 |    98 |    14 ||   177
